[Event "*** Titled Tuesday Blitz"]
[Site "Chess.com"]
[Date "2021.03.16"]
[Round "11"]
[White "korbul"]
[Black "GMJustin"]
[Result "1/2-1/2"]
[WhiteElo "2568"]
[BlackElo "2329"]
[TimeControl "180+1"]
[EndTime "12:05:19 PDT"]
[Termination "Game drawn by repetition"]

1. d4 Nf6 2. Nf3 b5 3. Bf4 Bb7 4. e3 a6 5. Nbd2 e6 6. Bd3 d6 7. h3 Nbd7 8. Bh2 Be7 9. O-O O-O 10. c3 c5 11. a4 Qb6 12. Qe2 c4 13. Bc2 d5 14.
Ne5 Nxe5 15. Bxe5 b4 16. Rfb1 b3 17. Bd1 Nd7 18. Bf4 f6 19. Nf3 a5 20. Bg3 Bd6 21. e4 Bxg3 22. fxg3 dxe4 23. Nd2 Bd5 24. Nxe4 Qc6 25.
Nd2 e5 26. dxe5 Nxe5 27. Qf1 Rae8 28. Be2 f5 29. Re1 g6 30. Qf2 Kg7 31. Nf1 Be4 32.
Rad1 Bd3 33. Bf3 Nxf3+ 34. gxf3 f4 35. g4 Kg8 36. Nd2 Rxe1+ 37. Rxe1 Re8 38. h4 Rxe1+ 39.
Qxe1 Qc5+ 40. Kg2 Qe3 41. Qf2 Kf7 42. g5 Ke6 43. Nf1 Bxf1+ 44. Kxf1 Qc1+ 45. Kg2 Qc2 46. Kg1 Qxf2+ 47. Kxf2 Ke5 48. Kg2 Kf5 49. Kh3 Ke6 50. Kg4 Ke5 51. h5 gxh5+ 52. Kxh5 Ke6 53. Kh4 Kf5 54. Kh5 Ke6 55. Kh6 Kf5 56. Kh5 Ke6 1/2-1/2

[Event "*** Titled Tuesday Blitz"]
[Site "Chess.com"]
[Date "2021.03.16"]
[Round "11"]
[White "GMRafpig"]
[Black "karinachess1"]
[Result "1-0"]
[WhiteElo "2642"]
[BlackElo "2510"]
[TimeControl "180+1"]
[EndTime "12:05:21 PDT"]
[Termination "GMRafpig won on time"]

1. c4 e6 2. g3 Nf6 3. Bg2 d5 4. Nf3 dxc4 5. Qa4+ c6 6. Qxc4 b5 7. Qc2 Bb7 8. d4 Nbd7 9. O-O c5 10. a4 a6 11.
axb5 axb5 12. Rxa8 Qxa8 13. Na3 b4 14. Nc4 cxd4 15. Bf4 Qa6 16. Nxd4 Bxg2 17. Kxg2 Bc5 18. Nb3 Be7 19. Ra1 Qc6+ 20. f3 O-O 21. Nd4 Qd5 22.
Rd1 Qa8 23. e4 Rc8 24. Qe2 Qa6 25. b3 Nc5 26. Rc1 h6 27. Bd2 Ncd7 28. Ne3 Ra8 29.
Qxa6 Rxa6 30. Rc8+ Kh7 31. Nc6 Bc5 32. Nc4 Ra2 33. Kf1 Rc2 34. Ke2 Ra2 35. Rc7 Nb6 36. Nxb6 Bxb6 37. Rxf7 Bc5 38. Rb7 Rb2 39. Rb5 Bf8 40. Nd4 Nd7 41. Nxe6 Bd6 42. Rd5 1-0

[Event "*** Titled Tuesday Blitz"]
[Site "Chess.com"]
[Date "2021.03.16"]
[Round "11"]
[White "AttilaTurzo"]
[Black "elegant285"]
[Result "1-0"]
[WhiteElo "2548"]
[BlackElo "2412"]
[TimeControl "180+1"]
[EndTime "12:05:23 PDT"]
[Termination "AttilaTurzo won by resignation"]

1. d4 Nf6 2. Nf3 e6 3. Bf4 d5 4. e3 c5 5. Nbd2 Bd6 6. Bg3 Qc7 7. dxc5 Qxc5 8. Bd3 Nbd7 9. O-O e5 10. e4 dxe4 11. Nxe4 Nxe4 12. Bxe4 O-O 13. Bxh7+ Kxh7 14. Ng5+ Kg6 15.
Ne4 Qd4 16. Qxd4 exd4 17. Nxd6 Nc5 18. Rad1 Ne6 19. Be5 Rd8 20. f4 f5 21. g4 Nc5 22.
Rxd4 Be6 23. Rfd1 Rh8 24. Nxf5 Bxf5 25. Rd6+ Ne6 26. gxf5+ Kxf5 27. Rd7 Rac8 28. c3 Rh6 29. Rf7+ Kg4 30. Rd3 Rch8 31. Rg3+ Kh4 32. Rfxg7 Nxg7 33. Bf6+ Kh5 34. Rg5+ Kh4 35. Bxg7 R6h7 36. Bxh8 Rxh8 37. Rg3 Rd8 38. f5 Rd1+ 39. Kg2 Rd2+ 40. Kf3 Rxh2 41. f6 Rh1 42. Kf4 Rf1+ 43. Rf3 Rd1 44. f7 Rd8 45. Ke5 Kg5 46. f8=Q 1-0

[Event "*** Titled Tuesday Blitz"]
[Site "Chess.com"]
[Date "2021.03.16"]
[Round "11"]
[White "Abund"]
[Black "Sychev_Klementy"]
[Result "0-1"]
[WhiteElo "2706"]
[BlackElo "2873"]
[TimeControl "180+1"]
[EndTime "12:05:24 PDT"]
[Termination "Sychev_Klementy won by resignation"]

1. e4 e5 2. Nf3 Nc6 3. Bc4 d6 4.
O-O f5 5. d3 fxe4 6. dxe4 Bg4 7. Qd5 Qd7 8. Ng5 Nf6 9. Qf7+ Qxf7 10. Nxf7 Na5 11. Nxh8 Nxc4 12. b3 Nb6 13. f4 Nbd7 14. f5 Be7 15. Nc3 d5 16. exd5 Bc5+ 17. Kh1 Bd4 18. Bd2 Ke7 19. h3 Rxh8 20. hxg4 g5 21. Rf3 h5 22. Rh3 Nxg4 23. Bxg5+ Kf7 24. Rf3 e4 25. Rg3 Be5 26. Bh4 e3 27. Rd1 Bxc3 28. Rf1 Nf2+ 29. Kg1 Bd4 30. Rxe3 Bxe3 31. Bxf2 Bxf2+ 32. Rxf2 Nf6 33. c4 Re8 34. Kf1 Ng4 35. Rf3 Nh2+ 36.
Kf2 Nxf3 37. Kxf3 Kf6 38. Kf4 Re5 39. g3 Rxf5+ 40. Ke4 Rf2 41. c5 Rc2 42. c6 bxc6 43.
dxc6 Rxa2 44. Kd5 Rc2 45. b4 a6 46. b5 axb5 0-1

[Event "*** Titled Tuesday Blitz"]
[Site "Chess.com"]
[Date "2021.03.16"]
[Round "11"]
[White "JordanLoyd2020"]
[Black "aljado"]
[Result "1-0"]
[WhiteElo "2487"]
[BlackElo "2170"]
[TimeControl "180+1"]
[EndTime "12:05:27 PDT"]
[Termination "JordanLoyd2020 won by checkmate"]

1. d4 Nf6 2. c4 g6 3. Nc3 d5 4.
cxd5 Nxd5 5. e4 Nxc3 6. bxc3 Bg7 7. Nf3 O-O 8. Be3 c5 9. Qd2 Qa5 10. Rc1 Bg4 11. d5 b5 12. Bxc5 Nd7 13. Bd4 Bxf3 14.
Bxg7 Bxg2 15. Bxf8 Bxh1 16. Bxe7 Bxe4 17. Qd4 Bf5 18.
a3 Re8 19. d6 Qxa3 20. Qe3 a6 21. Bg2 Nc5 22. Rd1 Bd7 23. Bd5 Ne6 24. Kf1 Qa4 25. Re1 Qg4 26. Qg3 Qf5 27. Re5 Qc2 28. Qe3 Qd1+ 29.
Qe1 Qg4 30. Qe3 a5 31. Qh6 a4 32. Bf6 Qd1+ 33. Re1 Qxd5 34. Rxe6 Qd3+ 35. Kg1 Qd1+ 36. Kg2 Bc6+ 37. Kh3 Qf3+ 38. Kh4 Qxf2+ 39. Kh3 Qf3+ 40. Kh4 Qf4+ 41. Qxf4 Rxe6 42. Be7 Bd7 43. Qf2 f5 44. Qa7 Bc6 45. Qb8+ Kg7 46. Qf8# 1-0

[Event "*** Titled Tuesday Blitz"]
[Site "Chess.com"]
[Date "2021.03.16"]
[Round "11"]
[White "JiiHart"]
[Black "FMJoseHerrera"]
[Result "0-1"]
[WhiteElo "2081"]
[BlackElo "2485"]
[TimeControl "180+1"]
[EndTime "12:05:27 PDT"]
[Termination "FMJoseHerrera won on time"]

1. e4 f6 2. d4 g6 3. Nf3 Kf7 4. g4 d5 5. exd5 Qxd5 6. Nc3 Qd8 7.
Bc4+ Kg7 8. h3 e6 9. Be3 c6 10. Qd2 b5 11. Bd3 Nd7 12. O-O-O Nb6 13. h4 Nd5 14.
Nxd5 exd5 15. Rdg1 Bd6 16. h5 g5 17. Nxg5 fxg5 18. Bxg5 Be7 19. h6+ Kf7 20. Qf4+ Nf6 21.
Re1 Qd6 22. Re5 Rf8 23. Bxh7 Ke8 24. Bg6+ Kd8 25. Rhe1 Nh7 26. Bxe7+ Qxe7 27. Rxe7 Rxf4 28. Bxh7 Rxf2 29. Bg6 Rh2 30. h7 Bd7 31. Rg7 Kc7 32. Ree7 Rd8 33. Rxd7+ Rxd7 34. Rxd7+ Kxd7 35. g5 Ke6 36. Bd3 a5 37. g6 Kf6 38. a4 b4 39. Kb1 Kg7 40. Ka2 Rh4 41. c3 Rh3 42. Ba6 bxc3 43.
Kb3 cxb2+ 44. Kxb2 Rh4 45. Bb7 Rh3 46. Bxc6 Rh4 47. Bxd5 Rxd4 48. Bc6 Rb4+ 49. Kc3 Rh4 0-1

[Event "*** Titled Tuesday Blitz"]
[Site "Chess.com"]
[Date "2021.03.16"]
[Round "11"]
[White "ARTHURMOTIVATOR"]
[Black "Grieve72"]
[Result "0-1"]
[WhiteElo "2382"]
[BlackElo "2502"]
[TimeControl "180+1"]
[EndTime "12:05:29 PDT"]
[Termination "Grieve72 won by resignation"]

1. e4 d6 2. d4 Nf6 3. Nc3 Nbd7 4. Nf3 e5 5. Bc4 Be7 6. O-O c6 7. a4 Qc7 8. Ba2 h6 9. Qe2 Nf8 10. dxe5 dxe5 11. Rd1 Be6 12. Nd5 cxd5 13. exd5 Bg4 14. Bf4 Bxf3 15. gxf3 Ng6 16. d6 Bxd6 17. Qb5+ Qc6 18. Bg3 Qxb5 19. axb5 Bc5 20. c3 O-O 21. b4 Bb6 22. Rd6 Rfd8 23. Rad1 Rxd6 24. Rxd6 Rd8 25. Rxd8+ Bxd8 26. c4 Nf4 27. Kf1 Kf8 28. Bb1 Be7 29. c5 N6d5 30. Be4 Nxb4 31. Bxb7 Bxc5 32. Ke1 Ke7 33.
Kd2 Kd6 34. Kc3 Nbd5+ 35. Kb3 g5 36. Kc4 Nb6+ 37. Kb3 h5 38. Be4 h4 39. Bxf4 gxf4 40. Bf5 Bxf2 41. Be4 Kc5 42. Bc6 h3 43. Be8 Bg3 44.
Bxf7 Bxh2 45. Be6 Kxb5 46. Bxh3 Kc5 47. Bf5 Kd4 48. Be4 a5 49. Ka3 Bg1 50. Kb3 Bf2 51.
Ka3 Be1 52. Kb3 Bb4 53. Ka2 Kc3 54. Bc6 a4 55. Be4 a3 56. Ka1 Kb3 57. Kb1 a2+ 0-1

[Event "*** Titled Tuesday Blitz"]
[Site "Chess.com"]
[Date "2021.03.16"]
[Round "11"]
[White "Grineva_Marianna"]
[Black "Lady_Nika"]
[Result "1-0"]
[WhiteElo "2278"]
[BlackElo "2370"]
[TimeControl "180+1"]
[EndTime "12:05:30 PDT"]
[Termination "Grineva_Marianna won by checkmate"]

1. e4 e6 2. d4 d5 3. Nd2 Nf6 4. Bd3 c5 5. c3 Nc6 6. e5 Nd7 7. Ngf3 Qb6 8. O-O cxd4 9. cxd4 Nxd4 10. Nxd4 Qxd4 11. Nf3 Qb6 12. Rb1 Be7 13. Qe2 O-O 14.
h4 a5 15. Bg5 Bc5 16. a3 f5 17. exf6 Nxf6 18. Ne5 Bd4 19. Nf3 Bd7 20. Nxd4 Qxd4 21. Be3 Qe5 22. f4 Qd6 23. b4 axb4 24. axb4 b6 25. Bc2 d4 26. Bd2 Ra3 27. Bb3 Kh8 28. Qe5 Ne8 29. Bc1 Ra8 30. Rd1 Qxb4 31. Qxd4 Qxd4+ 32. Rxd4 Bc8 33. Be3 Nf6 34. Rbd1 Ng4 35. Bf2 Ba6 36. Bg3 Ne3 37. Re1 Nf5 38. Bf2 Nxd4 39.
Bxd4 Rxf4 40. Be5 Rxh4 41. Bxe6 Re8 42. Bg3 Rh6 43. Bd7 Rxe1+ 44. Bxe1 Rd6 45. Bf5 Rd1 46. Kf2 g6 47. Bc2 Rd8 48. Bb3 b5 49. Bc3+ Rd4 50. Bxd4# 1-0

[Event "*** Titled Tuesday Blitz"]
[Site "Chess.com"]
[Date "2021.03.16"]
[Round "11"]
[White "The_filthy"]
[Black "NateSolon"]
[Result "0-1"]
[WhiteElo "2321"]
[BlackElo "2550"]
[TimeControl "180+1"]
[EndTime "12:05:32 PDT"]
[Termination "NateSolon won by resignation"]

1. e4 c5 2. Nf3 d6 3. d4 cxd4 4.
Nxd4 Nf6 5. Nc3 a6 6. Be3 e5 7. Nb3 Be7 8. f3 h5 9. Qd2 Be6 10. O-O-O Nbd7 11. h3 Rc8 12. f4 Qc7 13. f5 Bc4 14. Kb1 b5 15. Bd3 Nb6 16. Bxb6 Qxb6 17. g4 b4 18. Ne2 a5 19. g5 Nd7 20. Bxc4 Rxc4 21. g6 Nf6 22. gxf7+ Kxf7 23. Ng3 h4 24. Qd3 Rhc8 25. Nd2 Rxc2 26. Ne2 a4 27. Rc1 Rxc1+ 28. Rxc1 Rxc1+ 29. Nxc1 Qc5 30. Nf3 Nh5 31. Ne2 Ng3 32. Nd2 Nxe2 33. Qxe2 Qg1+ 34. Kc2 Qc5+ 35. Kb1 Kf8 36. Qc4 Qxc4 37. Nxc4 g6 38. Ne3 Bg5 39. Nc4 gxf5 40. Nxd6 fxe4 41. Nxe4 Bf4 42. Nc5 a3 43.
bxa3 bxa3 44. Kc2 Ke7 45. Kb3 Bc1 46. Kc4 Kf6 47. Kd5 Bb2 48. Nd3 Kf5 49. Nf2 Kf4 50.
Nd3+ Kg3 51. Nxe5 Bxe5 52. Kxe5 Kxh3 0-1

[Event "*** Titled Tuesday Blitz"]
[Site "Chess.com"]
[Date "2021.03.16"]
[Round "11"]
[White "jraosam"]
[Black "ErikRonka"]
[Result "1-0"]
[WhiteElo "1933"]
[BlackElo "2398"]
[TimeControl "180+1"]
[EndTime "12:05:34 PDT"]
[Termination "jraosam won by checkmate"]

1. c4 Nf6 2. Nc3 g6 3. e4 d6 4. d4 Bg7 5. f4 c5 6. d5 O-O 7.
Nf3 e6 8. Be2 exd5 9. cxd5 Nbd7 10. O-O Re8 11. Qc2 c4 12. Bxc4 Nc5 13. Re1 Bg4 14.
h3 Bxf3 15. gxf3 Rc8 16. Bb5 Re7 17. Qg2 Nh5 18. Bd2 a6 19. Bf1 b5 20. b4 Nd7 21.
Rac1 Nb6 22. Nxb5 axb5 23. Bxb5 Rd7 24. Bxd7 Qxd7 25. Qg4 f5 26. exf5 Rxc1 27. Rxc1 Nf6 28. Qg5 Nbxd5 29. fxg6 Qxh3 30. gxh7+ Kxh7 31. f5 Ne7 32. Rc7 Nxf5 33. Qxf6 Qg3+ 34. Kf1 Qxf3+ 35. Ke1 Qg3+ 36.
Kd1 Qf3+ 37. Kc1 Qe4 38. Qf7 Qd3 39. Qc4 Qf3 40. Kc2 Kg6 41. Qc3 Qe4+ 42. Qd3 Qg4 43. Qd5 Be5 44. Qf7# 1-0

[Event "*** Titled Tuesday Blitz"]
[Site "Chess.com"]
[Date "2021.03.16"]
[Round "11"]
[White "RobertoJBM"]
[Black "eljanov"]
[Result "1/2-1/2"]
[WhiteElo "2761"]
[BlackElo "2865"]
[TimeControl "180+1"]
[EndTime "12:05:35 PDT"]
[Termination "Game drawn by repetition"]

1. e4 c6 2. d4 d5 3. exd5 cxd5 4. Bd3 Nf6 5. c3 Bg4 6. Ne2 Nc6 7. O-O e6 8. Bf4 Bd6 9. Bxd6 Qxd6 10. Nd2 h5 11. h3 Bf5 12. Bxf5 exf5 13. Nf3 Ne4 14. Qd3 O-O-O 15.
Rae1 g5 16. Ne5 Nxe5 17. dxe5 Qxe5 18. Nd4 g4 19. f3 gxf3 20. Qxf3 Rhg8 21. Qxf5+ Qxf5 22. Rxf5 Rg3 23. Rxh5 Rdg8 24. Re2 Rd3 25. Rxd5 Rd1+ 26.
Kh2 Ng3 27. Re8+ Rxe8 28. Kxg3 Rd2 29. Rb5 Rg8+ 30. Kf4 Rgxg2 31. h4 Rdf2+ 32. Nf3 Rxb2 33. Rxb2 Rxb2 34. h5 Rb6 35. Kg5 Kd7 36. h6 Rg6+ 37.
Kh5 Rg3 38. h7 Rxf3 39. Kg4 Rxc3 40. h8=Q Rc4+ 41. Kf5 Rc5+ 42. Kf6 Rc6+ 43. Kxf7 Kc7 44. Qd4 a6 45. Ke7 Kb8 46. a4 Ka8 47. a5 Kb8 48.
Qf4+ Ka8 49. Kd7 Ka7 50. Qe3+ Ka8 51. Qf2 Kb8 52. Qf8+ Ka7 53. Qh8 Rc4 54. Qg8 Rc6 55. Qg7 Ka8 56. Qh8+ Ka7 57. Qd8 Rc4 58. Qb6+ Ka8 59.
Kd8 Rc6 60. Qd4 Kb8 61. Qe3 Rc8+ 62. Kd7 Rc6 63. Qf4+ Ka8 64. Qf2 Kb8 65. Qh2+ Ka8 66. Qg3 Ka7 67. Qg1+ Ka8 68. Qg8+ Ka7 69. Qh8 Rc4 70.
Qb2 Rc6 71. Qg2 Ka8 72. Qg1 Kb8 73. Qh2+ Ka7 74. Qg3 Ka8 75. Kd8 Ka7 76. Qf2+ Ka8 77. Qg1 Kb8 78. Kd7 Ka8 79. Qg8+ Ka7 1/2-1/2

[Event "*** Titled Tuesday Blitz"]
[Site "Chess.com"]
[Date "2021.03.16"]
[Round "11"]
[White "annacramling"]
[Black "NishaOnYoutube"]
[Result "1-0"]
[WhiteElo "2008"]
[BlackElo "2054"]
[TimeControl "180+1"]
[EndTime "12:05:35 PDT"]
[Termination "annacramling won on time"]

1. d4 d5 2. c4 e6 3. Nc3 Be7 4.
cxd5 exd5 5. Bf4 c6 6. e3 Nf6 7.
Nf3 Bg4 8. Be2 O-O 9. h3 Bxf3 10. Bxf3 Nbd7 11. Qc2 Re8 12. O-O Nf8 13. Be5 Bd6 14. Bxd6 Qxd6 15. Ne2 Ne4 16. Bxe4 dxe4 17. Rab1 Nd7 18.
b4 a6 19. a4 Re6 20. Ng3 Nf6 21. b5 axb5 22. axb5 h5 23. Qc5 Qxc5 24. dxc5 h4 25. Nf5 Re5 26. Nd6 Rxc5 27. b6 Rb8 28.
Rb4 Re5 29. Ra1 Nd5 30. Rb3 f5 31. Ra7 Re6 32. Nxf5 g6 33. Nd4 Re7 34. Ne2 Kf7 35.
Nc3 g5 36. Na4 Kf6 37. Nc5 Ke5 38. Kf1 Kd6 39. Na4 Rd7 40. Ke2 Rf7 41. Nb2 Rbf8 42. Nc4+ Kc5 43. Nd2 Rxf2+ 44. Kd1 Kd6 45. Nxe4+ Ke5 46.
Nxf2 1-0

[Event "*** Titled Tuesday Blitz"]
[Site "Chess.com"]
[Date "2021.03.16"]
[Round "11"]
[White "UCantHandleDenker"]
[Black "Forantes"]
[Result "0-1"]
[WhiteElo "2495"]
[BlackElo "2431"]
[TimeControl "180+1"]
[EndTime "12:05:36 PDT"]
[Termination "Forantes won by checkmate"]

1. Nf3 Nf6 2. g3 g6 3. Bg2 Bg7 4. O-O O-O 5. d3 d5 6. Nbd2 c5 7. e4 Nc6 8. Re1 dxe4 9. dxe4 Bg4 10. h3 Bd7 11. e5 Ne8 12. c3 Qc8 13. Kh2 Nc7 14.
Qe2 Rd8 15. a4 Bf5 16. Ne4 Na6 17. Bf4 Na5 18. g4 Be6 19. Rad1 Bc4 20. Qe3 Nb3 21. Bh6 Bh8 22. Bg5 Qc7 23. Bf4 Qb6 24. Neg5 Rxd1 25.
Rxd1 Rd8 26. Rxd8+ Qxd8 27. e6 f6 28. Nf7 Qc8 29. Qe4 Bxe6 30. Nxh8 Kxh8 31. Ne1 c4 32. Nc2 Nac5 33. Qe2 Qd7 34. Nb4 a5 35. Nc2 Qd3 36.
Nd4 Nxd4 37. Qe1 Nc6 38. Be3 Qd6+ 39. Kg1 Qd7 40. Qe2 Bd5 41. Qf1 Bxg2 42. Qxg2 Nd3 43. Qf3 Kg7 44. g5 Nce5 45. gxf6+ exf6 46. Qe4 Qc6 47. Qh4 Nf3+ 48. Kf1 Nxh4 49. Ke2 Qf3+ 50. Kd2 Nxf2 51.
Kc2 Ne4 52. Kb1 Qd1+ 53. Ka2 Qb3+ 54. Kb1 Nf3 55. Ka1 Ned2 56. h4 Qxa4# 0-1

[Event "*** Titled Tuesday Blitz"]
[Site "Chess.com"]
[Date "2021.03.16"]
[Round "11"]
[White "sokidze"]
[Black "Paladin61"]
[Result "1-0"]
[WhiteElo "2717"]
[BlackElo "2778"]
[TimeControl "180+1"]
[EndTime "12:05:38 PDT"]
[Termination "sokidze won by checkmate"]

1. d4 Nf6 2. g3 c5 3. d5 b5 4. Bg2 d6 5. e4 g6 6. f4 Bg7 7. e5 Nfd7 8. a4 bxa4 9. Nc3 O-O 10. Nf3 Ba6 11. Rxa4 Nb6 12. Ra2 Qc8 13. Kf2 N8d7 14. Re1 Qb7 15. e6 Nf6 16. Ng5 Bc4 17.
exf7+ Kh8 18. b3 Bxd5 19. Nxd5 Nfxd5 20. c4 Bd4+ 21. Kf1 Nxc4 22. bxc4 Qb1 23. Qc2 Qxc2 24.
Rxc2 Nb4 25. Bxa8 Nxc2 26. Re2 Rxa8 27. Rxc2 Kg7 28. Ke2 Bf6 29. Ra2 h6 30. Ne4 Bd4 31.
Bb2 Bxb2 32. Rxb2 Kxf7 33. Kd3 a5 34. Ra2 a4 35. Nc3 a3 36. Nb5 g5 37. Rxa3 Rg8 38.
f5 g4 39. Ke4 Rg5 40. Nc7 Rh5 41. Ra2 Kf6 42. Nd5+ Kf7 43. Kf4 Rg5 44. Ra7 Rh5 45. Rxe7+ Kf8 46. Kxg4 Rxh2 47. Rd7 Rc2 48. Kh5 Rxc4 49.
Kg6 Ke8 50. Nf6+ Kf8 51. Rf7# 1-0

[Event "*** Titled Tuesday Blitz"]
[Site "Chess.com"]
[Date "2021.03.16"]
[Round "11"]
[White "827883"]
[Black "Leo_C"]
[Result "1/2-1/2"]
[WhiteElo "2284"]
[BlackElo "2406"]
[TimeControl "180+1"]
[EndTime "12:05:39 PDT"]
[Termination "Game drawn by repetition"]

1. e4 c6 2. c4 d5 3. cxd5 cxd5 4. exd5 Nf6 5. Qa4+ Nbd7 6. Nc3 a6 7. d4 Rb8 8.
Bf4 b5 9. Qc2 Ra8 10. Nf3 Nb6 11. d6 e6 12. Ne5 Bxd6 13. Nxb5 axb5 14. Bxb5+ Kf8 15. O-O Nbd5 16. Bg3 h5 17. h3 h4 18.
Bh2 Ba6 19. Bxa6 Rxa6 20. a3 g6 21. b4 Kg7 22. b5 Ra8 23. a4 Nb4 24. Qb3 Nfd5 25.
Rfc1 f6 26. Nc6 Bxh2+ 27. Kxh2 Qd6+ 28. Kg1 Rhc8 29. Nxb4 Qxb4 30. Rxc8 Rxc8 31. Qxb4 Nxb4 32. a5 Rb8 33. a6 Nd5 34. Ra5 Ra8 35. Kf1 Ra7 36.
Ke2 Kf7 37. Kd3 Ke7 38. Kc4 Kd6 39. Ra1 Nb6+ 40. Kb4 Kc7 41. Rc1+ Kd7 42. Rc6 Nd5+ 43. Kc5 Rc7 44. a7 Rxa7 45. Rd6+ Ke7 46. Ra6 Rxa6 47. bxa6 Kd7 48. a7 Nc7 49. Kb6 Kd6 50.
Kb7 Kd7 51. Kb6 Kd6 52. Kb7 Kd7 53. Kb6 1/2-1/2

[Event "*** Titled Tuesday Blitz"]
[Site "Chess.com"]
[Date "2021.03.16"]
[Round "11"]
[White "Pantata007"]
[Black "chessmadara"]
[Result "0-1"]
[WhiteElo "2327"]
[BlackElo "2207"]
[TimeControl "180+1"]
[EndTime "12:05:40 PDT"]
[Termination "chessmadara won on time"]

1. d4 Nf6 2. c4 g6 3. Nc3 d5 4. cxd5 Nxd5 5. e4 Nxc3 6. bxc3 Bg7 7. Nf3 c5 8. Be3 O-O 9. Be2 Nc6 10. O-O Bg4 11. d5 Na5 12. Bxc5 Bxc3 13. Rc1 Bg7 14. Bd4 b6 15. Bxg7 Kxg7 16. Qd4+ Kg8 17. e5 Bd7 18. Ba6 Bc8 19. Bd3 Bb7 20. Be4 Rc8 21. Rxc8 Qxc8 22. e6 f6 23. Rd1 Rd8 24. h4 Ba8 25. h5 Kg7 26. hxg6 hxg6 27. Nh4 Nc6 28. Qe3 Ne5 29. Qg3 Rg8 30. f4 Qc4 31. Kh2 Qxe4 32.
fxe5 Qxe5 33. Qxe5 fxe5 34. d6 exd6 35. Rxd6 Kf6 36.
Rd7 Kxe6 37. Rxa7 Bd5 38. Ra6 Rb8 39. Nxg6 Bc4 40. Ra4 b5 41. Rb4 Kd5 42. Rb2 Kc5 43. Nh4 Ra8 44. Nf5 Rxa2 45. Rxa2 Bxa2 46. g4 b4 47. g5 b3 48. Ne3 b2 0-1

[Event "*** Titled Tuesday Blitz"]
[Site "Chess.com"]
[Date "2021.03.16"]
[Round "11"]
[White "GigaQuparadze"]
[Black "Kobalia"]
[Result "1-0"]
[WhiteElo "2937"]
[BlackElo "2737"]
[TimeControl "180+1"]
[EndTime "12:05:43 PDT"]
[Termination "GigaQuparadze won on time"]

1. e4 c5 2. Nc3 e6 3. Nge2 Nc6 4. d4 cxd4 5. Nxd4 a6 6. Nxc6 bxc6 7. e5 Qc7 8. Qe2 d6 9. exd6 Bxd6 10. Ne4 Bb4+ 11. c3 Be7 12. g3 Nf6 13. Bg2 O-O 14. O-O Bb7 15. Re1 c5 16. Bf4 Qb6 17. Nxf6+ Bxf6 18. Bxb7 Qxb7 19. Bd6 Rfc8 20. Rad1 h6 21. Rd2 a5 22.
Red1 a4 23. Qc4 Qa6 24. Qxa6 Rxa6 25. a3 Rb6 26. Kf1 Bg5 27. f4 Bf6 28. Ke2 h5 29. Rc2 Kh7 30. h3 Kg6 31. g4 hxg4 32. hxg4 Rh8 33. Kf3 Rd8 34. Rcd2 Rdxd6 35. Rxd6 Rxb2 36. Rc6 Rb3 37. Rxc5 Rxa3 38. Rd3 Rb3 39. g5 Be7 40. Rc7 Bf8 41. Ra7 a3 42. Kg4 Rb5 43. Rdd7 Rf5 44. Ra4 e5 45. Rd5 Rxf4+ 46. Rxf4 exf4 47. Kxf4 Be7 48. Ra5 f6 49. gxf6 Kxf6 50. Ra6+ Kf7 51.
Kf5 Bc5 52. Ra5 g6+ 53. Ke5 Be7 54. Ra7 Kf8 55. Ke6 Bc5 56. Ra5 Be3 57. Rxa3 Kg7 58. c4 Bd4 59. Rd3 Bf2 60. Rd5 Kh6 61. c5 g5 62. c6 Bb6 63. Rb5 Bc7 64. Kf5 Kh5 65. Rb7 1-0

[Event "*** Titled Tuesday Blitz"]
[Site "Chess.com"]
[Date "2021.03.16"]
[Round "11"]
[White "atwalcb"]
[Black "Aslanov_Umid"]
[Result "1/2-1/2"]
[WhiteElo "2556"]
[BlackElo "2430"]
[TimeControl "180+1"]
[EndTime "12:05:43 PDT"]
[Termination "Game drawn by repetition"]

1. d4 d5 2. Nf3 Nf6 3. c4 e6 4. g3 c6 5. Qc2 Bb4+ 6. Bd2 Be7 7. Bg2 O-O 8. O-O b6 9. cxd5 cxd5 10. Nc3 Bb7 11. Bf4 Nc6 12. a3 Rc8 13. Rac1 Na5 14. Ne5 Nc4 15. Nxc4 Rxc4 16. Qd2 Qd7 17. b3 Rc6 18. b4 Rfc8 19. Na2 Rc4 20. Rxc4 Rxc4 21. Rc1 Qc6 22. Rxc4 Qxc4 23. Nc1 Ne4 24. Qd3 Qxd3 25.
Nxd3 f6 26. Bxe4 dxe4 27. Nb2 a5 28. bxa5 bxa5 29. Nc4 Bd5 30. Bd6 Bxc4 31. Bxe7 Bxe2 32. Bd8 a4 33. Kg2 Kf7 34. h3 Ke8 35. Ba5 Kd7 36. Bb4 Kc6 37. g4 Kd5 38. Bf8 g6 39. Bg7 f5 40. Kg3 g5 41. Bh6 f4+ 42. Kg2 Bf3+ 43.
Kf1 Kxd4 44. Bxg5 e5 45. Bf6 e3 46. fxe3+ fxe3 47. Ke1 Ke4 48. g5 Kf5 49. h4 e4 50.
Bd4 e2 51. Bf2 Kg4 52. Kd2 Kf5 53. Ke3 Kg4 54. Kd2 Kf4 55. Be1 Ke5 56. Ke3 Kd5 57.
Bb4 Kc4 58. Kd2 Kb3 59. Bc5 Kc4 60. Bb4 Kd5 61. Bc3 Kc4 62. Bb4 1/2-1/2

[Event "*** Titled Tuesday Blitz"]
[Site "Chess.com"]
[Date "2021.03.16"]
[Round "11"]
[White "Onischuk_V"]
[Black "jefferyx"]
[Result "0-1"]
[WhiteElo "2859"]
[BlackElo "3022"]
[TimeControl "180+1"]
[EndTime "12:05:47 PDT"]
[Termination "jefferyx won on time"]

1. e4 e6 2. d4 d5 3. Nc3 Bb4 4.
exd5 exd5 5. Bd3 Nf6 6. a3 Bd6 7. Nb5 Be7 8. Bf4 Na6 9. h3 O-O 10. Nf3 c6 11. Nc3 Nc7 12. O-O Ne6 13. Be5 Bd6 14. Qd2 Bxe5 15. dxe5 Nd7 16. b4 f6 17.
exf6 Qxf6 18. Ne2 Ne5 19. Nxe5 Qxe5 20. f4 Qf6 21. f5 Nd4 22. Rae1 Bd7 23. Ng3 Rae8 24.
Rxe8 Rxe8 25. Qf4 Qe5 26. Qf2 Qe3 27. Qxe3 Rxe3 28. Nh5 Kf7 29. Kf2 Re5 30. g4 b6 31.
c3 Nb3 32. Nf4 Nd2 33. Re1 Rxe1 34. Kxe1 Nf3+ 35. Kf2 Ne5 36. Be2 g6 37. fxg6+ hxg6 38. Kg3 g5 39. Nd3 Nc4 40. a4 Nd2 41. Nf2 Nb1 42. Nd1 c5 43. bxc5 bxc5 44. a5 Ba4 45. Nb2 Nxc3 46. Bf3 Bb5 47. h4 Kf6 48. h5 d4 49. Kf2 c4 50. Ke1 Nb1 51. Be4 Na3 52. h6 c3 53. Nd3 Nc4 54. Nc5 Nd6 55. h7 Kg7 56. Ne6+ Kh8 57. Bg6 d3 58. Nxg5 d2+ 59.
Kd1 Bc4 0-1

[Event "*** Titled Tuesday Blitz"]
[Site "Chess.com"]
[Date "2021.03.16"]
[Round "11"]
[White "Smile2005"]
[Black "anon132639"]
[Result "1/2-1/2"]
[WhiteElo "2472"]
[BlackElo "2757"]
[TimeControl "180+1"]
[EndTime "12:05:48 PDT"]
[Termination "Game drawn by stalemate"]

1. Nf3 Nf6 2. g3 g6 3. Bg2 Bg7 4. O-O O-O 5. d3 d5 6. c3 c5 7. Nbd2 Nc6 8. e4 e5 9. Qc2 h6 10. Re1 d4 11. c4 Be6 12. Qd1 Ne8 13. a3 a5 14. b3 Nd6 15. Rf1 f5 16. exf5 gxf5 17.
Nh4 Qf6 18. Bxc6 bxc6 19. Qe2 Rae8 20. b4 axb4 21. axb4 cxb4 22. Ra6 Bd7 23. Nb3 Nb7 24. Bd2 e4 25. Bxb4 Rf7 26. Rb6 Bc8 27. Ng2 f4 28. Nxf4 Qg5 29. Qh5 exd3 30. Qxg5 hxg5 31. Nxd3 Bf5 32.
Nbc5 Nxc5 33. Nxc5 d3 34. Rxc6 Bh3 35. Rd1 Bd4 36. Nxd3 Bg4 37. Re1 Rb8 38. Rg6+ Kh7 39. Rxg5 Bf5 40. Rh5+ Kg6 41. Nf4+ Kg7 42. Rg5+ Kh6 43.
Rh5+ Kg7 44. Rg5+ Kf6 45. Rh5 Rxb4 46. Nd5+ Kg6 47. Nxb4 Kxh5 48. h3 Bc3 49. g4+ Kh4 50. Re3 Bxb4 51. gxf5 Rxf5 52. Kg2 Bc5 53. Rf3 Rg5+ 54.
Rg3 Re5 55. Rg4+ Kh5 56. Rf4 Re2 57. Rf5+ Kh4 58. Rxc5 Re5 59. Rxe5 1/2-1/2

[Event "*** Titled Tuesday Blitz"]
[Site "Chess.com"]
[Date "2021.03.16"]
[Round "11"]
[White "Natalya_Buksa"]
[Black "Sanyura"]
[Result "1/2-1/2"]
[WhiteElo "2505"]
[BlackElo "2616"]
[TimeControl "180+1"]
[EndTime "12:05:57 PDT"]
[Termination "Game drawn by repetition"]

1. d4 Nf6 2. Nc3 d5 3. Bf4 a6 4.
e3 c5 5. Nf3 e6 6. dxc5 Bxc5 7.
Bd3 Nc6 8. O-O Qe7 9. e4 d4 10. Na4 Ba7 11. b3 e5 12. Bg5 h6 13. Bd2 O-O 14.
Nb2 Nh5 15. Nxd4 Bxd4 16. c3 Nf4 17. cxd4 Nxd4 18. Bxf4 exf4 19. Bc4 Rd8 20. Bd5 Nc6 21. Nd3 Qg5 22. Qd2 Bh3 23. f3 Be6 24. Nxf4 Bxd5 25.
exd5 Ne7 26. Rad1 Rd6 27. Rfe1 Rad8 28. Nh3 Qxd2 29. Rxd2 Nxd5 30. Red1 R6d7 31. Nf4 Nf6 32. Rxd7 Rxd7 33. Rxd7 Nxd7 34. Kf2 Kf8 35. Ke3 Ke7 36.
Kd4 Kd6 37. Nd3 Nb8 38. Nf2 Nc6+ 39. Kc3 Kd5 40. Nd3 b6 41. a4 a5 42. b4 axb4+ 43.
Nxb4+ Kc5 44. Nxc6 Kxc6 45. Kc4 Kd6 46. Kb5 Kc7 47. h4 h5 48. g4 g6 49. gxh5 gxh5 50.
f4 f5 51. Kb4 Kc6 52. Kc4 Kd6 53. Kd4 Ke6 54. Kc4 Kd6 55. Kb5 Kc7 56. Kb4 Kd6 57. Kc4 Kc6 58. Kd4 Kd6 59. Kc4 Kc6 60. Kb4 Kd6 61.
Kb5 Kc7 1/2-1/2